Workbook

Sheet P&L
A1: Company Name
A6: 12-Month Pro Forma Income Statement
C11: 44197 | D11: 44228 | E11: 44256 | F11: 44287 | G11: 44317 | H11: 44348 | I11: 44378 | J11: 44409 | K11: 44440 | L11: 44470 | M11: 44501 | N11: 44531 | O11: Total
A12: Revenue
A13: Revenue Type
A14: Introductory Packages/Consultations/Challenge or Transformation Fees | C14: 10000 | O14: =SUM(C14:N14) -> 10000
A15: Recurring Revenue Income | C15: 5000 | O15: =SUM(C15:N15) -> 5000
A16: Retail Sales
A17: Other Income - PPP/Grants/Etc.
A18: Package or short term sale income
A19: Single sessions
A20: Virtual Programs
A24: Total Revenue | C24: =SUM(C14:C15) -> 15000 | D24: =SUM(D14:D15) -> 0 | E24: =SUM(E14:E15) -> 0 | F24: =SUM(F14:F15) -> 0 | G24: =SUM(G14:G15) -> 0 | H24: =SUM(H14:H15) -> 0 | I24: =SUM(I14:I15) -> 0 | J24: =SUM(J14:J15) -> 0 | ... O24: =SUM(O14:O15) -> 15000
A26: Cost of Goods Sold
A27: Products for Retail Sale | B27: 0.1 | O27: =SUM(C27:N27) -> 0
A28: Nutritional Supplies | O28: =SUM(C28:N28) -> 0
O29: =SUM(C29:N29) -> 0
O30: =SUM(C30:N30) -> 0
O31: =SUM(C31:N31) -> 0
A32: Total Cost of Goods Sold | C32: =SUM(C27:C31) -> 0 | D32: =SUM(D27:D31) -> 0 | E32: =SUM(E27:E31) -> 0 | F32: =SUM(F27:F31) -> 0 | G32: =SUM(G27:G31) -> 0 | H32: =SUM(H27:H31) -> 0 | I32: =SUM(I27:I31) -> 0 | J32: =SUM(J27:J31) -> 0 | ... O32: =SUM(O27:O31) -> 0
A33: Gross Profit | C33: =C24-C32 -> 15000 | D33: =D24-D32 -> 0 | E33: =E24-E32 -> 0 | F33: =F24-F32 -> 0 | G33: =G24-G32 -> 0 | H33: =H24-H32 -> 0 | I33: =I24-I32 -> 0 | J33: =J24-J32 -> 0 | ... O33: =O24-O32 -> 15000
A35: Expenses
A36: Practitioner Expenses
A37: Fixed Employee Wages | C37: 1000 | O37: =SUM(C37:N37) -> 1000
A38: Fixed Payroll Taxes | B38: 0.0775 | C38: 1000 | O38: =SUM(C38:N38) -> 1000
A39: Hourly Employee Wages | C39: 1000 | O39: =SUM(C39:N39) -> 1000
A40: Variable Payroll Taxes | C40: 1000 | O40: =SUM(C40:N40) -> 1000
A41: Workers Comp | B41: 0.0275 | C41: 1000 | O41: =SUM(C41:N41) -> 1000
A42: Commissions | B42: 0.05 | C42: 1000 | O42: =SUM(C42:N42) -> 1000
A43: Contract Labor | C43: 1000
A44: Overhead Expenses | O44: =SUM(C44:N44) -> 0
A45: Overhead Employee Wages
A46: Overhead Payroll Taxes | B46: 0.0025 | C46: 50 | O46: =SUM(C46:N46) -> 50
A47: Overhead Contract Labor | C47: 50
A48: Bad Debts | C48: 50
A49: Advertising | C49: 50 | O49: =SUM(C49:N49) -> 50
A50: Bank Charges, Interest & Fees | C50: 50
A51: Charitable Contributions | C51: 50 | O51: =SUM(C51:N51) -> 50
A52: Continuing Education & Professional Development
A53: Dues & Subscriptions | O53: =SUM(C53:N53) -> 0
A54: Insurance | O54: =SUM(C54:N54) -> 0
A55: Legal & Professional Fees | O55: =SUM(C55:N55) -> 0
A56: Music Licensing Fees
A57: Office Expenses | O57: =SUM(C57:N57) -> 0
A58: Postage | O58: =SUM(C58:N58) -> 0
A59: Rent | O59: =SUM(C59:N59) -> 0
A60: Repairs and Maintenance | O60: =SUM(C60:N60) -> 0
A61: Software
A62: Supplies | O62: =SUM(C62:N62) -> 0
A63: Telephone | O63: =SUM(C63:N63) -> 0
A64: Travel & Entertainment | O64: =SUM(C64:N64) -> 0
A65: Utilities | O65: =SUM(C65:N65) -> 0
A66: Vehicle Expenses | O66: =SUM(C66:N66) -> 0
A67: Virtual Studio Expenses
A68: Miscellaneous | O68: =SUM(C68:N68) -> 0
A69: Depreciation | O69: =SUM(C69:N69) -> 0
A70: Merchant Processing Fees | B70: 0.0275
A74: Total Expenses | C74: =SUM(C37:C69) -> 7300 | D74: =SUM(D37:D69) -> 0 | E74: =SUM(E37:E69) -> 0 | F74: =SUM(F37:F69) -> 0 | G74: =SUM(G37:G69) -> 0 | H74: =SUM(H37:H69) -> 0 | I74: =SUM(I37:I69) -> 0 | J74: =SUM(J37:J69) -> 0 | ... O74: =SUM(O37:O69) -> 6150
A76: Net Profit Before Tax | C76: =C33-C74 -> 7700 | D76: =D33-D74 -> 0 | E76: =E33-E74 -> 0 | F76: =F33-F74 -> 0 | G76: =G33-G74 -> 0 | H76: =H33-H74 -> 0 | I76: =I33-I74 -> 0 | J76: =J33-J74 -> 0 | ... O76: =O33-O74 -> 8850
A77: Quarterly Income Tax | B77: 0.15 | C77: =C76*$B$77 -> 1155 | D77: =D76*$B$77 -> 0 | E77: =E76*$B$77 -> 0 | F77: =F76*$B$77 -> 0 | G77: =G76*$B$77 -> 0 | H77: =H76*$B$77 -> 0 | I77: =I76*$B$77 -> 0 | J77: =J76*$B$77 -> 0 | ... N77: =N76*$B$77 -> 0 | O77: =sum(C77:N77) -> 1155
A79: Net Income | C79: =C76-C77 -> 6545 | D79: =D76-D77 -> 0 | E79: =E76-E77 -> 0 | F79: =F76-F77 -> 0 | G79: =G76-G77 -> 0 | H79: =H76-H77 -> 0 | I79: =I76-I77 -> 0 | J79: =J76-J77 -> 0 | ... N79: =N76-N77 -> 0 | O79: =SUM(C79:N79) -> 6545
C82: % of the total revenue | D82: % of the total revenue | E82: % of the total revenue | F82: % of the total revenue | G82: % of the total revenue | H82: % of the total revenue | I82: % of the total revenue | J82: % of the total revenue | K82: % of the total revenue | L82: % of the total revenue | M82: % of the total revenue | N82: % of the total revenue
A83: % of Income to Practitioners | C83: =IFERROR(sum(C37:C43)/C24,0) -> 0.46666667 | D83: =IFERROR(sum(D37:D43)/D24,0) -> 0 | E83: =IFERROR(sum(E37:E43)/E24,0) -> 0 | F83: =IFERROR(sum(F37:F43)/F24,0) -> 0 | G83: =IFERROR(sum(G37:G43)/G24,0) -> 0 | H83: =IFERROR(sum(H37:H43)/H24,0) -> 0 | I83: =IFERROR(sum(I37:I43)/I24,0) -> 0 | J83: =IFERROR(sum(J37:J43)/J24,0) -> 0 | ... N83: =IFERROR(sum(N37:N43)/N24,0) -> 0
A84: % of Income to Overhead | C84: =IFERROR(SUM(C45:C73)/C24,0) -> 0.02 | D84: =IFERROR(SUM(D45:D73)/D24,0) -> 0 | E84: =IFERROR(SUM(E45:E73)/E24,0) -> 0 | F84: =IFERROR(SUM(F45:F73)/F24,0) -> 0 | G84: =IFERROR(SUM(G45:G73)/G24,0) -> 0 | H84: =IFERROR(SUM(H45:H73)/H24,0) -> 0 | I84: =IFERROR(SUM(I45:I73)/I24,0) -> 0 | J84: =IFERROR(SUM(J45:J73)/J24,0) -> 0 | ... N84: =IFERROR(SUM(N45:N73)/N24,0) -> 0
A85: % of Income to Profits | C85: =IFERROR(1-(C83+C84),0) -> 0.51333333 | D85: =IFERROR(1-(D83+D84),0) -> 1 | E85: =IFERROR(1-(E83+E84),0) -> 1 | F85: =IFERROR(1-(F83+F84),0) -> 1 | G85: =IFERROR(1-(G83+G84),0) -> 1 | H85: =IFERROR(1-(H83+H84),0) -> 1 | I85: =IFERROR(1-(I83+I84),0) -> 1 | J85: =IFERROR(1-(J83+J84),0) -> 1 | ... N85: =IFERROR(1-(N83+N84),0) -> 1

Sheet Q1 Summary
A1: ='P&L'!A1 -> Company Name
A6: Summary Q1 -Jan-Mar
A12: Revenue
A13: Revenue Type
A14: ='P&L'!A14 -> Introductory Packages/Consultations/Challenge or Transformation Fees | B14: =SUM('P&L'!C14:E14) -> 10000 | C14: =IFERROR((B14/$B$22),0) -> 0.66666667
A15: ='P&L'!A15 -> Recurring Revenue Income | B15: =SUM('P&L'!C15:E15) -> 5000 | C15: =IFERROR((B15/$B$22),0) -> 0.33333333
A16: ='P&L'!A16 -> Retail Sales | B16: =SUM('P&L'!C16:E16) -> 0 | C16: =IFERROR((B16/$B$22),0) -> 0
A17: ='P&L'!A17 -> Other Income - PPP/Grants/Etc. | B17: =SUM('P&L'!C17:E17) -> 0 | C17: =IFERROR((B17/$B$22),0) -> 0
A18: ='P&L'!A18 -> Package or short term sale income | B18: =SUM('P&L'!C18:E18) -> 0 | C18: =IFERROR((B18/$B$22),0) -> 0
A19: ='P&L'!A19 -> Single sessions | B19: =SUM('P&L'!C19:E19) -> 0 | C19: =IFERROR((B19/$B$22),0) -> 0
A20: ='P&L'!A20 -> Virtual Programs | B20: =SUM('P&L'!C20:E20) -> 0 | C20: =IFERROR((B20/$B$22),0) -> 0
A21: ='P&L'!A21 | B21: =SUM('P&L'!C21:E21) -> 0 | C21: =IFERROR((B21/$B$22),0) -> 0
A22: Total Revenue | B22: =SUM(B14:B21) -> 15000 | C22: =SUM(C14:C21) -> 1
A24: Cost of Goods Sold
A25: ='P&L'!A27 -> Products for Retail Sale | B25: =SUM('P&L'!C27:E27) -> 0
A26: ='P&L'!A28 -> Nutritional Supplies | B26: =SUM('P&L'!C28:E28) -> 0
A27: ='P&L'!A29 | B27: =SUM('P&L'!C29:E29) -> 0
A28: ='P&L'!A30 | B28: =SUM('P&L'!C30:E30) -> 0
A29: ='P&L'!A31 | B29: =SUM('P&L'!C31:E31) -> 0
A30: Total Cost of Goods Sold | B30: =SUM(B25:B29) -> 0
A31: Gross Profit | B31: =B22-B30 -> 15000
A33: Expenses
A34: ='P&L'!A36 -> Practitioner Expenses
A35: ='P&L'!A37 -> Fixed Employee Wages | B35: =SUM('P&L'!C37:E37) -> 1000 | C35: =IFERROR((B35/$B$72),0) -> 0.1369863
A36: ='P&L'!A38 -> Fixed Payroll Taxes | B36: =SUM('P&L'!C38:E38) -> 1000 | C36: =IFERROR((B36/$B$72),0) -> 0.1369863
A37: ='P&L'!A39 -> Hourly Employee Wages | B37: =SUM('P&L'!C39:E39) -> 1000 | C37: =IFERROR((B37/$B$72),0) -> 0.1369863
A38: ='P&L'!A40 -> Variable Payroll Taxes | B38: =SUM('P&L'!C40:E40) -> 1000 | C38: =IFERROR((B38/$B$72),0) -> 0.1369863
A39: ='P&L'!A41 -> Workers Comp | B39: =SUM('P&L'!C41:E41) -> 1000 | C39: =IFERROR((B39/$B$72),0) -> 0.1369863
A40: ='P&L'!A42 -> Commissions | B40: =SUM('P&L'!C42:E42) -> 1000 | C40: =IFERROR((B40/$B$72),0) -> 0.1369863
A41: ='P&L'!A43 -> Contract Labor | B41: =SUM('P&L'!C43:E43) -> 1000 | C41: =IFERROR((B41/$B$72),0) -> 0.1369863
A42: ='P&L'!A44 -> Overhead Expenses
A43: ='P&L'!A45 -> Overhead Employee Wages | B43: =SUM('P&L'!C45:E45) -> 0 | C43: =IFERROR((B43/$B$72),0) -> 0
A44: ='P&L'!A46 -> Overhead Payroll Taxes | B44: =SUM('P&L'!C46:E46) -> 50 | C44: =IFERROR((B44/$B$72),0) -> 0.0068493151
A45: ='P&L'!A47 -> Overhead Contract Labor | B45: =SUM('P&L'!C47:E47) -> 50 | C45: =IFERROR((B45/$B$72),0) -> 0.0068493151
A46: ='P&L'!A48 -> Bad Debts | B46: =SUM('P&L'!C48:E48) -> 50 | C46: =IFERROR((B46/$B$72),0) -> 0.0068493151
A47: ='P&L'!A49 -> Advertising | B47: =SUM('P&L'!C49:E49) -> 50 | C47: =IFERROR((B47/$B$72),0) -> 0.0068493151
A48: ='P&L'!A50 -> Bank Charges, Interest & Fees | B48: =SUM('P&L'!C50:E50) -> 50 | C48: =IFERROR((B48/$B$72),0) -> 0.0068493151
A49: ='P&L'!A51 -> Charitable Contributions | B49: =SUM('P&L'!C51:E51) -> 50 | C49: =IFERROR((B49/$B$72),0) -> 0.0068493151
A50: ='P&L'!A52 -> Continuing Education & Professional Development | B50: =SUM('P&L'!C52:E52) -> 0 | C50: =IFERROR((B50/$B$72),0) -> 0
A51: ='P&L'!A53 -> Dues & Subscriptions | B51: =SUM('P&L'!C53:E53) -> 0 | C51: =IFERROR((B51/$B$72),0) -> 0
A52: ='P&L'!A54 -> Insurance | B52: =SUM('P&L'!C54:E54) -> 0 | C52: =IFERROR((B52/$B$72),0) -> 0
A53: ='P&L'!A55 -> Legal & Professional Fees | B53: =SUM('P&L'!C55:E55) -> 0 | C53: =IFERROR((B53/$B$72),0) -> 0
A54: ='P&L'!A56 -> Music Licensing Fees | B54: =SUM('P&L'!C56:E56) -> 0 | C54: =IFERROR((B54/$B$72),0) -> 0
... A71: ='P&L'!A73 | B71: =SUM('P&L'!C73:E73) -> 0 | C71: =IFERROR((B71/$B$72),0) -> 0
A72: Total Expenses | B72: =SUM(B35:B71) -> 7300 | C72: =SUM(C35:C60) -> 1
A74: Net Profit Before Tax | B74: =B31-B72 -> 7700
A75: Quarterly Income Tax | B75: =SUM('P&L'!C77:E77) -> 1155
A77: Net Income | B77: =B74-B75 -> 6545
C79: ='P&L'!C82 -> % of the total revenue
A80: % of Income to Practitioners | B80: =sum(B35:B41) -> 7000 | C80: =IFERROR((B80/$B$31),0) -> 0.46666667
A81: % of Income to Overhead | B81: =sum(B43:B71) -> 300 | C81: =IFERROR((B81/$B$31),0) -> 0.02
A82: % of Income to Profits | B82: =B31-B72 -> 7700 | C82: =IFERROR((B82/$B$31),0) -> 0.51333333

Sheet Q2 Summary
A1: ='P&L'!A1 -> Company Name
A6: Summary Q1 -Apr-Jun
A12: Revenue
A13: Revenue Type
A14: ='P&L'!A14 -> Introductory Packages/Consultations/Challenge or Transformation Fees | B14: =SUM('P&L'!F14:H14) -> 0 | C14: =IFERROR((B14/$B$22),0) -> 0
A15: ='P&L'!A15 -> Recurring Revenue Income | B15: =SUM('P&L'!F15:H15) -> 0 | C15: =IFERROR((B15/$B$22),0) -> 0
A16: ='P&L'!A16 -> Retail Sales | B16: =SUM('P&L'!F16:H16) -> 0 | C16: =IFERROR((B16/$B$22),0) -> 0
A17: ='P&L'!A17 -> Other Income - PPP/Grants/Etc. | B17: =SUM('P&L'!F17:H17) -> 0 | C17: =IFERROR((B17/$B$22),0) -> 0
A18: ='P&L'!A18 -> Package or short term sale income | B18: =SUM('P&L'!F18:H18) -> 0 | C18: =IFERROR((B18/$B$22),0) -> 0
A19: ='P&L'!A19 -> Single sessions | B19: =SUM('P&L'!F19:H19) -> 0 | C19: =IFERROR((B19/$B$22),0) -> 0
A20: ='P&L'!A20 -> Virtual Programs | B20: =SUM('P&L'!F20:H20) -> 0 | C20: =IFERROR((B20/$B$22),0) -> 0
A21: ='P&L'!A21 | B21: =SUM('P&L'!F21:H21) -> 0 | C21: =IFERROR((B21/$B$22),0) -> 0
A22: Total Revenue | B22: =SUM(B14:B21) -> 0 | C22: =SUM(C14:C21) -> 0
A24: Cost of Goods Sold
A25: ='P&L'!A27 -> Products for Retail Sale | B25: =SUM('P&L'!F27:H27) -> 0
A26: ='P&L'!A28 -> Nutritional Supplies | B26: =SUM('P&L'!F28:H28) -> 0
A27: ='P&L'!A29 | B27: =SUM('P&L'!F29:H29) -> 0
A28: ='P&L'!A30 | B28: =SUM('P&L'!F30:H30) -> 0
A29: ='P&L'!A31 | B29: =SUM('P&L'!F31:H31) -> 0
A30: Total Cost of Goods Sold | B30: =SUM(B25:B29) -> 0
A31: Gross Profit | B31: =B22-B30 -> 0
A33: Expenses
A34: ='P&L'!A36 -> Practitioner Expenses
A35: ='P&L'!A37 -> Fixed Employee Wages | B35: =SUM('P&L'!F37:H37) -> 0 | C35: =IFERROR((B35/$B$72),0) -> 0
A36: ='P&L'!A38 -> Fixed Payroll Taxes | B36: =SUM('P&L'!F38:H38) -> 0 | C36: =IFERROR((B36/$B$72),0) -> 0
A37: ='P&L'!A39 -> Hourly Employee Wages | B37: =SUM('P&L'!F39:H39) -> 0 | C37: =IFERROR((B37/$B$72),0) -> 0
A38: ='P&L'!A40 -> Variable Payroll Taxes | B38: =SUM('P&L'!F40:H40) -> 0 | C38: =IFERROR((B38/$B$72),0) -> 0
A39: ='P&L'!A41 -> Workers Comp | B39: =SUM('P&L'!F41:H41) -> 0 | C39: =IFERROR((B39/$B$72),0) -> 0
A40: ='P&L'!A42 -> Commissions | B40: =SUM('P&L'!F42:H42) -> 0 | C40: =IFERROR((B40/$B$72),0) -> 0
A41: ='P&L'!A43 -> Contract Labor | B41: =SUM('P&L'!F43:H43) -> 0 | C41: =IFERROR((B41/$B$72),0) -> 0
A42: ='P&L'!A44 -> Overhead Expenses
A43: ='P&L'!A45 -> Overhead Employee Wages | B43: =SUM('P&L'!F45:H45) -> 0 | C43: =IFERROR((B43/$B$72),0) -> 0
A44: ='P&L'!A46 -> Overhead Payroll Taxes | B44: =SUM('P&L'!F46:H46) -> 0 | C44: =IFERROR((B44/$B$72),0) -> 0
A45: ='P&L'!A47 -> Overhead Contract Labor | B45: =SUM('P&L'!F47:H47) -> 0 | C45: =IFERROR((B45/$B$72),0) -> 0
A46: ='P&L'!A48 -> Bad Debts | B46: =SUM('P&L'!F48:H48) -> 0 | C46: =IFERROR((B46/$B$72),0) -> 0
A47: ='P&L'!A49 -> Advertising | B47: =SUM('P&L'!F49:H49) -> 0 | C47: =IFERROR((B47/$B$72),0) -> 0
A48: ='P&L'!A50 -> Bank Charges, Interest & Fees | B48: =SUM('P&L'!F50:H50) -> 0 | C48: =IFERROR((B48/$B$72),0) -> 0
A49: ='P&L'!A51 -> Charitable Contributions | B49: =SUM('P&L'!F51:H51) -> 0 | C49: =IFERROR((B49/$B$72),0) -> 0
A50: ='P&L'!A52 -> Continuing Education & Professional Development | B50: =SUM('P&L'!F52:H52) -> 0 | C50: =IFERROR((B50/$B$72),0) -> 0
A51: ='P&L'!A53 -> Dues & Subscriptions | B51: =SUM('P&L'!F53:H53) -> 0 | C51: =IFERROR((B51/$B$72),0) -> 0
A52: ='P&L'!A54 -> Insurance | B52: =SUM('P&L'!F54:H54) -> 0 | C52: =IFERROR((B52/$B$72),0) -> 0
A53: ='P&L'!A55 -> Legal & Professional Fees | B53: =SUM('P&L'!F55:H55) -> 0 | C53: =IFERROR((B53/$B$72),0) -> 0
A54: ='P&L'!A56 -> Music Licensing Fees | B54: =SUM('P&L'!F56:H56) -> 0 | C54: =IFERROR((B54/$B$72),0) -> 0
... A71: ='P&L'!A73 | B71: =SUM('P&L'!F73:H73) -> 0 | C71: =IFERROR((B71/$B$72),0) -> 0
A72: Total Expenses | B72: =SUM(B35:B71) -> 0 | C72: =SUM(C35:C60) -> 0
A74: Net Profit Before Tax | B74: =B31-B72 -> 0
A75: Quarterly Income Tax | B75: =SUM('P&L'!C77:E77) -> 1155
A77: Net Income | B77: =B74-B75 -> -1155
C79: ='P&L'!C82 -> % of the total revenue
A80: % of Income to Practitioners | B80: =sum(B35:B41) -> 0 | C80: =IFERROR((B80/$B$31),0) -> 0
A81: % of Income to Overhead | B81: =sum(B43:B64) -> 0 | C81: =IFERROR((B81/$B$31),0) -> 0
A82: % of Income to Profits | B82: =B31-B72 -> 0 | C82: =IFERROR((B82/$B$31),0) -> 0

Sheet Q3 Summary
A1: ='P&L'!A1 -> Company Name
A6: Summary Q1 -Jul-Sep
A12: Revenue
A13: Revenue Type
A14: ='P&L'!A14 -> Introductory Packages/Consultations/Challenge or Transformation Fees | B14: =SUM('P&L'!I14:K14) -> 0 | C14: =IFERROR((B14/$B$22),0) -> 0
A15: ='P&L'!A15 -> Recurring Revenue Income | B15: =SUM('P&L'!I15:K15) -> 0 | C15: =IFERROR((B15/$B$22),0) -> 0
A16: ='P&L'!A16 -> Retail Sales | B16: =SUM('P&L'!I16:K16) -> 0 | C16: =IFERROR((B16/$B$22),0) -> 0
A17: ='P&L'!A17 -> Other Income - PPP/Grants/Etc. | B17: =SUM('P&L'!I17:K17) -> 0 | C17: =IFERROR((B17/$B$22),0) -> 0
A18: ='P&L'!A18 -> Package or short term sale income | B18: =SUM('P&L'!I18:K18) -> 0 | C18: =IFERROR((B18/$B$22),0) -> 0
A19: ='P&L'!A19 -> Single sessions | B19: =SUM('P&L'!I19:K19) -> 0 | C19: =IFERROR((B19/$B$22),0) -> 0
A20: ='P&L'!A20 -> Virtual Programs | B20: =SUM('P&L'!I20:K20) -> 0 | C20: =IFERROR((B20/$B$22),0) -> 0
A21: ='P&L'!A21 | B21: =SUM('P&L'!I21:K21) -> 0 | C21: =IFERROR((B21/$B$22),0) -> 0
A22: Total Revenue | B22: =SUM(B14:B21) -> 0 | C22: =SUM(C14:C21) -> 0
A24: Cost of Goods Sold
A25: ='P&L'!A27 -> Products for Retail Sale | B25: =SUM('P&L'!I27:K27) -> 0
A26: ='P&L'!A28 -> Nutritional Supplies | B26: =SUM('P&L'!I28:K28) -> 0
A27: ='P&L'!A29 | B27: =SUM('P&L'!I29:K29) -> 0
A28: ='P&L'!A30 | B28: =SUM('P&L'!I30:K30) -> 0
A29: ='P&L'!A31 | B29: =SUM('P&L'!I31:K31) -> 0
A30: Total Cost of Goods Sold | B30: =SUM(B25:B29) -> 0
A31: Gross Profit | B31: =B22-B30 -> 0
A33: Expenses
A34: ='P&L'!A36 -> Practitioner Expenses
A35: ='P&L'!A37 -> Fixed Employee Wages | B35: =SUM('P&L'!I37:K37) -> 0 | C35: =IFERROR((B35/$B$72),0) -> 0
A36: ='P&L'!A38 -> Fixed Payroll Taxes | B36: =SUM('P&L'!I38:K38) -> 0 | C36: =IFERROR((B36/$B$72),0) -> 0
A37: ='P&L'!A39 -> Hourly Employee Wages | B37: =SUM('P&L'!I39:K39) -> 0 | C37: =IFERROR((B37/$B$72),0) -> 0
A38: ='P&L'!A40 -> Variable Payroll Taxes | B38: =SUM('P&L'!I40:K40) -> 0 | C38: =IFERROR((B38/$B$72),0) -> 0
A39: ='P&L'!A41 -> Workers Comp | B39: =SUM('P&L'!I41:K41) -> 0 | C39: =IFERROR((B39/$B$72),0) -> 0
A40: ='P&L'!A42 -> Commissions | B40: =SUM('P&L'!I42:K42) -> 0 | C40: =IFERROR((B40/$B$72),0) -> 0
A41: ='P&L'!A43 -> Contract Labor | B41: =SUM('P&L'!I43:K43) -> 0 | C41: =IFERROR((B41/$B$72),0) -> 0
A42: ='P&L'!A44 -> Overhead Expenses
A43: ='P&L'!A45 -> Overhead Employee Wages | B43: =SUM('P&L'!I45:K45) -> 0 | C43: =IFERROR((B43/$B$72),0) -> 0
A44: ='P&L'!A46 -> Overhead Payroll Taxes | B44: =SUM('P&L'!I46:K46) -> 0 | C44: =IFERROR((B44/$B$72),0) -> 0
A45: ='P&L'!A47 -> Overhead Contract Labor | B45: =SUM('P&L'!I47:K47) -> 0 | C45: =IFERROR((B45/$B$72),0) -> 0
A46: ='P&L'!A48 -> Bad Debts | B46: =SUM('P&L'!I48:K48) -> 0 | C46: =IFERROR((B46/$B$72),0) -> 0
A47: ='P&L'!A49 -> Advertising | B47: =SUM('P&L'!I49:K49) -> 0 | C47: =IFERROR((B47/$B$72),0) -> 0
A48: ='P&L'!A50 -> Bank Charges, Interest & Fees | B48: =SUM('P&L'!I50:K50) -> 0 | C48: =IFERROR((B48/$B$72),0) -> 0
A49: ='P&L'!A51 -> Charitable Contributions | B49: =SUM('P&L'!I51:K51) -> 0 | C49: =IFERROR((B49/$B$72),0) -> 0
A50: ='P&L'!A52 -> Continuing Education & Professional Development | B50: =SUM('P&L'!I52:K52) -> 0 | C50: =IFERROR((B50/$B$72),0) -> 0
A51: ='P&L'!A53 -> Dues & Subscriptions | B51: =SUM('P&L'!I53:K53) -> 0 | C51: =IFERROR((B51/$B$72),0) -> 0
A52: ='P&L'!A54 -> Insurance | B52: =SUM('P&L'!I54:K54) -> 0 | C52: =IFERROR((B52/$B$72),0) -> 0
A53: ='P&L'!A55 -> Legal & Professional Fees | B53: =SUM('P&L'!I55:K55) -> 0 | C53: =IFERROR((B53/$B$72),0) -> 0
A54: ='P&L'!A56 -> Music Licensing Fees | B54: =SUM('P&L'!I56:K56) -> 0 | C54: =IFERROR((B54/$B$72),0) -> 0
... A71: ='P&L'!A73 | B71: =SUM('P&L'!I73:K73) -> 0 | C71: =IFERROR((B71/$B$72),0) -> 0
A72: Total Expenses | B72: =SUM(B35:B71) -> 0 | C72: =SUM(C35:C60) -> 0
A74: Net Profit Before Tax | B74: =B31-B72 -> 0
A75: Quarterly Income Tax | B75: =SUM('P&L'!I77:K77) -> 0
A77: Net Income | B77: =B74-B75 -> 0
C79: ='P&L'!C82 -> % of the total revenue
A80: % of Income to Practitioners | B80: =sum(B35:B41) -> 0 | C80: =IFERROR((B80/$B$31),0) -> 0
A81: % of Income to Overhead | B81: =sum(B43:B71) -> 0 | C81: =IFERROR((B81/$B$31),0) -> 0
A82: % of Income to Profits | B82: =B31-B72 -> 0 | C82: =IFERROR((B82/$B$31),0) -> 0

Sheet Q4 Summary
A1: ='P&L'!A1 -> Company Name
A6: Summary Q1 -Sep-Dec
A12: Revenue
A13: Revenue Type
A14: ='P&L'!A14 -> Introductory Packages/Consultations/Challenge or Transformation Fees | B14: =SUM('P&L'!L14:N14) -> 0 | C14: =IFERROR((B14/$B$22),0) -> 0
A15: ='P&L'!A15 -> Recurring Revenue Income | B15: =SUM('P&L'!L15:N15) -> 0 | C15: =IFERROR((B15/$B$22),0) -> 0
A16: ='P&L'!A16 -> Retail Sales | B16: =SUM('P&L'!L16:N16) -> 0 | C16: =IFERROR((B16/$B$22),0) -> 0
A17: ='P&L'!A17 -> Other Income - PPP/Grants/Etc. | B17: =SUM('P&L'!L17:N17) -> 0 | C17: =IFERROR((B17/$B$22),0) -> 0
A18: ='P&L'!A18 -> Package or short term sale income | B18: =SUM('P&L'!L18:N18) -> 0 | C18: =IFERROR((B18/$B$22),0) -> 0
A19: ='P&L'!A19 -> Single sessions | B19: =SUM('P&L'!L19:N19) -> 0 | C19: =IFERROR((B19/$B$22),0) -> 0
A20: ='P&L'!A20 -> Virtual Programs | B20: =SUM('P&L'!L20:N20) -> 0 | C20: =IFERROR((B20/$B$22),0) -> 0
A21: ='P&L'!A21 | B21: =SUM('P&L'!L21:N21) -> 0 | C21: =IFERROR((B21/$B$22),0) -> 0
A22: Total Revenue | B22: =SUM(B14:B21) -> 0 | C22: =SUM(C14:C21) -> 0
A24: Cost of Goods Sold
A25: ='P&L'!A27 -> Products for Retail Sale | B25: =SUM('P&L'!L27:N27) -> 0
A26: ='P&L'!A28 -> Nutritional Supplies | B26: =SUM('P&L'!L28:N28) -> 0
A27: ='P&L'!A29 | B27: =SUM('P&L'!L29:N29) -> 0
A28: ='P&L'!A30 | B28: =SUM('P&L'!L30:N30) -> 0
A29: ='P&L'!A31 | B29: =SUM('P&L'!L31:N31) -> 0
A30: Total Cost of Goods Sold | B30: =SUM(B25:B29) -> 0
A31: Gross Profit | B31: =B22-B30 -> 0
A33: Expenses
A34: ='P&L'!A36 -> Practitioner Expenses
A35: ='P&L'!A37 -> Fixed Employee Wages | B35: =SUM('P&L'!L37:N37) -> 0 | C35: =IFERROR((B35/$B$72),0) -> 0
A36: ='P&L'!A38 -> Fixed Payroll Taxes | B36: =SUM('P&L'!L38:N38) -> 0 | C36: =IFERROR((B36/$B$72),0) -> 0
A37: ='P&L'!A39 -> Hourly Employee Wages | B37: =SUM('P&L'!L39:N39) -> 0 | C37: =IFERROR((B37/$B$72),0) -> 0
A38: ='P&L'!A40 -> Variable Payroll Taxes | B38: =SUM('P&L'!L40:N40) -> 0 | C38: =IFERROR((B38/$B$72),0) -> 0
A39: ='P&L'!A41 -> Workers Comp | B39: =SUM('P&L'!L41:N41) -> 0 | C39: =IFERROR((B39/$B$72),0) -> 0
A40: ='P&L'!A42 -> Commissions | B40: =SUM('P&L'!L42:N42) -> 0 | C40: =IFERROR((B40/$B$72),0) -> 0
A41: ='P&L'!A43 -> Contract Labor | B41: =SUM('P&L'!L43:N43) -> 0 | C41: =IFERROR((B41/$B$72),0) -> 0
A42: ='P&L'!A44 -> Overhead Expenses
A43: ='P&L'!A45 -> Overhead Employee Wages | B43: =SUM('P&L'!L45:N45) -> 0 | C43: =IFERROR((B43/$B$72),0) -> 0
A44: ='P&L'!A46 -> Overhead Payroll Taxes | B44: =SUM('P&L'!L46:N46) -> 0 | C44: =IFERROR((B44/$B$72),0) -> 0
A45: ='P&L'!A47 -> Overhead Contract Labor | B45: =SUM('P&L'!L47:N47) -> 0 | C45: =IFERROR((B45/$B$72),0) -> 0
A46: ='P&L'!A48 -> Bad Debts | B46: =SUM('P&L'!L48:N48) -> 0 | C46: =IFERROR((B46/$B$72),0) -> 0
A47: ='P&L'!A49 -> Advertising | B47: =SUM('P&L'!L49:N49) -> 0 | C47: =IFERROR((B47/$B$72),0) -> 0
A48: ='P&L'!A50 -> Bank Charges, Interest & Fees | B48: =SUM('P&L'!L50:N50) -> 0 | C48: =IFERROR((B48/$B$72),0) -> 0
A49: ='P&L'!A51 -> Charitable Contributions | B49: =SUM('P&L'!L51:N51) -> 0 | C49: =IFERROR((B49/$B$72),0) -> 0
A50: ='P&L'!A52 -> Continuing Education & Professional Development | B50: =SUM('P&L'!L52:N52) -> 0 | C50: =IFERROR((B50/$B$72),0) -> 0
A51: ='P&L'!A53 -> Dues & Subscriptions | B51: =SUM('P&L'!L53:N53) -> 0 | C51: =IFERROR((B51/$B$72),0) -> 0
A52: ='P&L'!A54 -> Insurance | B52: =SUM('P&L'!L54:N54) -> 0 | C52: =IFERROR((B52/$B$72),0) -> 0
A53: ='P&L'!A55 -> Legal & Professional Fees | B53: =SUM('P&L'!L55:N55) -> 0 | C53: =IFERROR((B53/$B$72),0) -> 0
A54: ='P&L'!A56 -> Music Licensing Fees | B54: =SUM('P&L'!L56:N56) -> 0 | C54: =IFERROR((B54/$B$72),0) -> 0
... A71: ='P&L'!A73 | B71: =SUM('P&L'!L73:N73) -> 0 | C71: =IFERROR((B71/$B$72),0) -> 0
A72: Total Expenses | B72: =SUM(B35:B71) -> 0 | C72: =SUM(C35:C60) -> 0
A74: Net Profit Before Tax | B74: =B31-B72 -> 0
A75: Quarterly Income Tax | B75: =SUM('P&L'!L77:N77) -> 0
A77: Net Income | B77: =B74-B75 -> 0
C79: ='P&L'!C82 -> % of the total revenue
A80: % of Income to Practitioners | B80: =sum(B35:B41) -> 0 | C80: =IFERROR((B80/$B$31),0) -> 0
A81: % of Income to Overhead | B81: =sum(B43:B71) -> 0 | C81: =IFERROR((B81/$B$31),0) -> 0
A82: % of Income to Profits | B82: =B31-B72 -> 0 | C82: =IFERROR((B82/$B$31),0) -> 0
